 Dungeon Crawl Stone Soup version 0.25-a0-942-g87a53962fc (webtiles) character file.

Game seed: 13248018090876346405, levelgen mode: deterministic

1850 kae the Frost Mage (level 9, -1/57 HPs)
             Began as a Merfolk Ice Elementalist on May 7, 2020.
             Was an Initiate of Okawaru.
             Slain by an orc wizard
             ... wielding a +0 dagger
              (3 damage)
             ... on level 6 of the Dungeon.
             The game lasted 00:06:03 (7762 turns).

kae the Frost Mage (Merfolk Ice Elementalist)       Turns: 7762, Time: 00:06:04

Health: -1/57      AC:  2    Str: 11    XL:     9   Next: 12%
Magic:  17/18      EV: 13    Int: 14    God:    Okawaru [......]
Gold:   114        SH:  0    Dex: 15    Spells: 13/20 levels left

rFire    + + .     SeeInvis .   r - +11 mace of the Ten Coins {vorpal, rF+}
rCold    + . .     Gourm    .   (no shield)
rNeg     . . .     Faith    .   a - +0 robe
rPois    .         Spirit   .   (no helmet)
rElec    .         Reflect  .   k - scarf {rC+ rF+}
rCorr    .         Harm     .   (no gloves)
MR       .....                  (no boots)
Stlth    ++........             (no amulet)
HPRegen  0.19/turn              (no ring)
MPRegen  0.16/turn              (no ring)

@: no status effects
A: change form in water, swift swim, stealthy swim
a: Renounce Religion


You were on level 6 of the Dungeon.
You worshipped Okawaru.
Okawaru was noncommittal.
You were not hungry.

You visited 2 branches of the dungeon, and saw 7 of its levels.

You collected 234 gold pieces.
You spent 120 gold pieces at shops.

Inventory:

Hand Weapons
 o - a +2 mace of draining
 p - a cursed +0 scythe
 r - the +11 mace of the Ten Coins (weapon) {vorpal, rF+}
   (You found it on level 5 of the Dungeon)

   It inflicts extra damage upon your enemies.
   It protects you from fire.
Armour
 a - a +0 robe (worn)
 k - a scarf of resistance (worn)
 n - a +0 cloak
Jewellery
 b - a +2 ring of evasion {unknown}
 m - an uncursed ring of resist corrosion
 s - an uncursed ring of stealth {unknown}
 t - an uncursed amulet of rage
 w - a cursed ring of teleportation {unknown}
Wands
 j - a wand of digging (6)
 y - a wand of flame (14)
Scrolls
 d - 3 scrolls of amnesia
 g - a scroll of remove curse
 h - 3 scrolls of teleportation
 u - 3 scrolls of identify
Potions
 e - 4 potions of heal wounds
 f - a potion of mutation
 i - 2 potions of ambrosia
 l - a potion of might
 q - a potion of haste
 v - a potion of curing {unknown}
 x - a potion of degeneration {unknown}
 z - 2 potions of stabbing {unknown}
 A - a potion of brilliance {unknown}
Comestibles
 c - 9 rations


   Skills:
 - Level 2.6 Dodging
 - Level 2.1 Stealth
 + Level 6.3 Spellcasting
 * Level 11.1 Ice Magic


You had 13 spell levels left.
You knew the following spells:

 Your Spells              Type           Power        Failure   Level  Hunger
a - Freeze                Ice            ####         1%          1    None
b - Frozen Ramparts       Ice            #####.       1%          3    ###....
c - Ozocubu's Armour      Chrm/Ice       ###.....     4%          3    ###....

Your spell library contained the following spells:

 Spells                   Type           Power        Failure   Level  Hunger
 Hailstorm                Conj/Ice       ###.....     16%         4    ####...
 Summon Ice Beast         Ice/Summ       ###.....     16%         4    ####...


Dungeon Overview and Level Annotations

Branches:
Dungeon (6/15)             Temple (1/1) D:4

Altars:
Ashenzari
Cheibriados
Dithmenos
Elyvilon
Fedhas
Gozag
Hepliaklqana
Kikubaaqudgha
Makhleb
Nemelex Xobeh
Okawaru
Qazlal
Ru
Sif Muna
Trog
Uskayaw
Vehumet
Wu Jian
Xom
Yredelemnul
The Shining One

Shops:
D:5 *}[(=

Annotations:
D:5 Menkaure


Message History

A puff of flame appears from out of thin air!
The puff of flame misses you. Something hits you.
* * * LOW HITPOINT WARNING * * *
You barely miss something. Something hits you but does no damage.
You hear some strange, mumbled words.
A puff of flame appears from out of thin air!
The puff of flame hits you. You resist.
* * * LOW HITPOINT WARNING * * *
Something hits you but does no damage.
You miss something.
The frozen ramparts melt away.
You hear some strange, mumbled words.
A puff of flame appears from out of thin air!
The puff of flame misses you.
You closely miss something.
You hear some strange, mumbled words.
A puff of frost appears from out of thin air!
The puff of frost hits you. You resist.
* * * LOW HITPOINT WARNING * * *
Something hits you.
You die...

###########
...%..)...# #......#
.....#....##### ###
### #........#.... #
###...........
#..######............
#.....)†@{...........
##.######........?...
#..........?. ##
#............ ..
#............
.####...........
..##......#....
#.#..######### #.#.##


There were no monsters in sight!

Vanquished Creatures
  Sigmund (D:2)
  Eustachio (D:4)
  Duvessa (D:5)
  3 ogres
  2 centaurs
  Blork the orc (D:4)
  Dowan (D:5)
  A howler monkey (D:4)
  A crimson imp (D:5)
  3 bullfrog zombies (D:5)
  2 hounds
  Crazy Yiuf (D:2)
  A bullfrog skeleton (D:5)
  3 orc priests (D:4)
  2 centaur skeletons
  3 orc wizards
  Jessica (D:3)
  An iguana (D:4)
  Natasha (twice) (D:4)
  3 worker ants
  3 hound zombies (D:5)
  A hound skeleton (D:4)
  2 howler monkey skeletons (D:5)
  A worker ant zombie (D:5)
  6 adders
  2 shadow imps
  2 oozes
  3 worms
  A dart slug (D:1)
  2 leopard geckos (D:3)
  8 orcs
  2 ball pythons
  5 giant cockroaches
  6 goblins
  3 hobgoblins
  7 jackals
  6 kobolds
  A quokka (D:4)
  A ball python skeleton (D:4)
  7 bats
  5 frilled lizards
  A giant cockroach zombie (D:5)
  A leopard gecko skeleton (D:5)
  A leopard gecko zombie (D:5)
  A quokka zombie (D:5)
  5 rats
117 creatures vanquished.

Notes
Turn   | Place    | Note
-------+----------+-------------------------------------------
     0 | D:1      | kae the Merfolk Ice Elementalist began the quest for the
                  | Orb.
     0 | D:1      | Reached XP level 1. HP: 13/13 MP: 3/3
   244 | D:1      | Reached XP level 2. HP: 18/19 MP: 1/5
   747 | D:1      | Reached skill level 5 in Ice Magic
   842 | D:2      | Reached XP level 3. HP: 23/24 MP: 3/6
   915 | D:2      | Noticed Sigmund
  1523 | D:2      | Found a runed translucent door.
  1524 | D:2      | Noticed Crazy Yiuf
  1919 | D:2      | Learned a level 3 spell: Frozen Ramparts
  1923 | D:2      | Learned a level 3 spell: Ozocubu's Armour
  1928 | D:2      | Killed Crazy Yiuf
  1928 | D:2      | Reached XP level 4. HP: 16/30 MP: 1/8
  2201 | D:3      | Found an ornate altar of the Wu Jian Council.
  2431 | D:3      | Noticed Jessica
  2440 | D:3      | Killed Jessica
  2440 | D:3      | Reached skill level 6 in Ice Magic
  2468 | D:3      | Reached XP level 5. HP: 16/35 MP: 0/9
  3219 | D:2      | Killed Sigmund
  3219 | D:2      | Reached skill level 7 in Ice Magic
  3219 | D:2      | Reached XP level 6. HP: 25/41 MP: 2/11
  3822 | D:4      | Found a staircase to the Ecumenical Temple.
  3842 | Temple   | Entered the Ecumenical Temple
  4004 | D:4      | Noticed Eustachio
  4013 | D:4      | Reached XP level 7. HP: 40/46 MP: 3/13
  4018 | D:4      | Killed Eustachio
  4018 | D:4      | Reached skill level 8 in Ice Magic
  4357 | D:4      | Found a shattered altar of Ashenzari.
  4412 | D:4      | Noticed Blork the orc
  4420 | D:4      | Killed Blork the orc
  4648 | D:4      | Noticed Natasha
  4657 | D:4      | Killed Natasha
  4657 | D:4      | Reached skill level 9 in Ice Magic
  4662 | D:4      | Reached XP level 8. HP: 16/52 MP: 6/15
  5002 | D:4      | Noticed Natasha
  5008 | D:4      | Killed Natasha
  5009 | D:4      | Reached skill level 5 in Spellcasting
  5539 | D:5      | Entered Level 5 of the Dungeon
  5941 | D:5      | Got a warped mace
  5942 | D:5      | Identified the +11 mace of the Ten Coins {vorpal, rF+} (You
                  | found it on level 5 of the Dungeon)
  6075 | D:5      | Found Hamuguw's Jewellery Shop.
  6076 | D:5      | Found Sosuadi's Antique Weapon Emporium.
  6251 | D:5      | Found Raloej's Antique Armour Shoppe.
  6251 | D:5      | Noticed Menkaure
  6287 | D:5      | Found Giadaqy's Assorted Antiques.
  6296 | D:5      | Bought a scroll of identify for 42 gold pieces
  6296 | D:5      | Bought a scroll of identify for 42 gold pieces
  6296 | D:5      | Bought an emerald potion for 18 gold pieces
  6296 | D:5      | Bought a blue potion for 18 gold pieces
  6354 | D:5      | Reached skill level 10 in Ice Magic
  6486 | D:5      | Noticed Dowan
  6487 | D:5      | Noticed Duvessa
  6503 | D:5      | Killed Duvessa
  6504 | D:5      | Killed Dowan
  6897 | D:5      | Found a hide-covered altar of Uskayaw.
  6898 | D:5      | Found a blossoming altar of Fedhas.
  6898 | D:5      | Found an iron altar of Okawaru.
  6931 | D:5      | Became a worshipper of Warmaster Okawaru
  6983 | D:5      | Found Ceiraitz's Gadget Boutique.
  7504 | D:6      | Reached XP level 9. HP: 44/57 MP: 13/18
  7724 | D:6      | Reached skill level 11 in Ice Magic
  7762 | D:6      | HP: 2/57 [something/puff of frost (3)]
  7762 | D:6      | Slain by an orc wizard

Levels and vault maps discovered:
D:1:      minmay_arrival_doors, layout_basic
D:2:      layout_loops_corners, uniq_crazy_yiuf_cottage, uniq_sigmund
D:3:      layout_loops_ring, lemuel_doored_altar, first_ration, uniq_jessica
D:4:      layout_loops_ring, lemuel_crystal_altar,
          minmay_temple_entry_mini_moons, uniq_natasha, uniq_blork_the_orc,
          uniq_eustachio
D:5:      layout_basic, gammafunk_temple_overflow_claw, serial_undead,
          serial_undead_b, serial_undead_e, serial_undead_d, serial_undead_a,
          serial_shops, shop, nicolae_shop_trees, nicolae_shop_stone, shop,
          shop, uniq_duvessa, uniq_menkaure
D:6:      layout_rooms, chequers_serial_rivers_micro_a, kennysheep_donut,
          nrook_uturn, led_sif_pool
Temple:   eino_temple_scatter_basement

Skill      XL: |  1  2  3  4  5  6  7  8  9 |
---------------+----------------------------+-----
Ice Magic      | 5 6 7 9 10 11 | 11.1
Spellcasting   | 3 4 6 |  6.3
Dodging        | |  2.6
Stealth        | |  2.1

Action                   |  1- 3 |  4- 6 |  7- 9 || total
-------------------------+-------+-------+-------++-------
Melee: Unarmed           |    24 |       |       ||    24
       Mace              |       |    33 |   126 ||   159
 Cast: Freeze            |    45 |    20 |    51 ||   116
       Frozen Ramparts   |     1 |     5 |     8 ||    14
  Use: Scroll            |       |    10 |     2 ||    12
 Stab: Sleeping          |     3 |     4 |     3 ||    10
  Eat: Chunk             |     3 |     7 |    10 ||    20
       Ration            |       |       |     1 ||     1
Armor: Robe              |    11 |     5 |    19 ||    35
Dodge: Dodged            |    25 |    42 |   147 ||   214

Table legend:
 A = Non-vault XP
 B = Vault XP
 C = Vault XP percentage of total XP
 D = Non-vault monster count
 E = Vault monster count
 F = Vault count percentage of total count
                 A         B        C        D         E       F
            +---------+---------+-------+---------+---------+-------
      Total |    1482 |    1161 |  43.9 |      95 |      22 |  18.8
            +---------+---------+-------+---------+---------+-------
        D:1 |      27 |       0 |   0.0 |      15 |       0 |   0.0
        D:2 |      61 |     264 |  81.2 |      19 |       2 |   9.5
        D:3 |      22 |      37 |  62.7 |       9 |       1 |  10.0
        D:4 |     787 |     324 |  29.2 |      34 |       3 |   8.1
        D:5 |     254 |     536 |  67.8 |       8 |      16 |  66.7
        D:6 |     331 |       0 |   0.0 |      10 |       0 |   0.0
            +---------+---------+-------+---------+---------+-------
